 Dungeon Crawl Stone Soup version 0.29-a0-994-gc5c9f59d18 (webtiles) character file.

Game seed: 1030755948853297120

288 Asher535 the Trooper (level 6, -5/56 HPs)
             Began as a Minotaur Fighter on Aug 3, 2022.
             Slain by Pikel
             ... wielding a +0 whip of freezing
              (10 damage)
             ... on level 4 of the Dungeon.
             The game lasted 00:07:46 (3475 turns).

Asher535 the Trooper (Minotaur Fighter)             Turns: 3475, Time: 00:07:47

Health: -5/56      AC:  7    Str: 22    XL:     6   Next: 9%
Magic:  5/5        EV:  9    Int:  5    God:
Gold:   138        SH:  5    Dex: 16    Spells: 5/5 levels left

rFire   . . .      SeeInvis .   a - +0 war axe
rCold   . . .      Faith    .   c - +0 buckler
rNeg    . . .      Spirit   .   b - +0 scale mail
rPois   .          Reflect  .   (helmet restricted)
rElec   .          Harm     .   A - scarf {shadows}
rCorr   .          Rampage  .   (no gloves)
Will    .....                   (no boots)
Stlth   ..........              (no amulet)
HPRegen 0.18/turn               e - +6 ring of dexterity
MPRegen 0.09/turn               (no ring)

@: no status effects
A: horns 2, retaliatory headbutt
a: no special abilities


You were on level 4 of the Dungeon.
You visited 1 branch of the dungeon, and saw 4 of its levels.

You collected 138 gold pieces.

Inventory:

Hand Weapons
 a - a +0 war axe (weapon)
Missiles
 m - 7 poisoned darts (quivered)
Armour
 b - a +0 scale mail (worn)
 c - a +0 buckler (worn)
 h - a +0 helmet
 q - a +0 leather armour of poison resistance
 A - a scarf of shadows (worn)
Jewellery
 e - a +6 ring of dexterity (left hand)
 k - a ring of protection from fire
Scrolls
 f - 2 scrolls of butterflies
 i - a scroll of immolation {unknown}
 o - a scroll of magic mapping {unknown}
 p - a scroll of fear {unknown}
 u - a scroll of identify {unknown}
 v - a scroll of noise {unknown}
 y - a scroll of teleportation {unknown}
 z - 2 scrolls of enchant weapon {unknown}
Potions
 d - 2 potions of might
 g - a potion of haste {unknown}
 j - a potion of heal wounds {unknown}
 l - a potion of degeneration {unknown}
 n - a potion of ambrosia {unknown}
 r - a potion of mutation {unknown}
 s - a potion of brilliance {unknown}
 t - a potion of flight {unknown}
 w - a potion of lignification {unknown}
 x - a potion of curing


   Skills:
 + Level 5.0 Fighting
 + Level 4.0 Axes
 + Level 2.1 Throwing
 + Level 5.0 Armour
 + Level 4.9 Shields


You had 5 spell levels left.
You didn't know any spells.
Your spell library contained the following spells:

 Spells                   Type           Power      Damage    Failure   Level
 Sandblast                Erth           0%         2d4       86%         1
 Passwall                 Tmut/Erth      0%         N/A       95%         2
 Sublimation of Blood     Necr           0%         N/A       95%         2
 Wereblood                Tmut           0%         N/A       95%         2
 Stone Arrow              Conj/Erth      0%         3d7       99%         3
 Summon Hydra             Summ           0%         N/A       100%        7


Dungeon Overview and Level Annotations

Branches:
Dungeon (4/15)
 Temple: D:4-7

Altars:
Elyvilon
Fedhas
Zin
The Shining One

Shops:
D:2 (

Annotations:
D:4 Eustachio, Pikel


Innate Abilities, Weirdness & Mutations

You have a pair of horns on your head.
You reflexively headbutt those who attack you in melee.


Message History

You hit the lemure.
You kill the lemure!
That felt strangely unrewarding.
You barely miss the lemure. You slash Pikel! The bat barely misses you.
The bat hits you but does no damage.
You block the lemure's attack. x2; Pikel hits you but does no damage.
The bat barely misses you.
Eustachio mumbles some strange words.
Eustachio blinks!
Pikel hits you with a +0 whip of freezing.
Pikel freezes you. The lemure hits you but does no damage.
The lemure barely misses you.
You slash the lemure!
You kill the lemure!
That felt strangely unrewarding.
You closely miss Eustachio. You slash the bat!
You kill the bat!
The bat's corpse disappears in a puff of smoke!
You barely miss the lemure. You hit Pikel. The bat hits you but does no damage.
Eustachio gestures wildly while chanting.
Pikel hits you with a +0 whip of freezing.
* * * LOW HITPOINT WARNING * * *
Pikel freezes you.
* * * LOW HITPOINT WARNING * * *
The lemure hits you.
* * * LOW HITPOINT WARNING * * *
The bat hits you but does no damage.
You barely miss the quokka. Your headbutt misses the quokka. You hit Pikel.
You hit Eustachio. You slash the bat!
You kill the bat!
The bat's corpse disappears in a puff of smoke!
You closely miss the lemure.
The quokka disappears in a puff of smoke!
The bat closely misses you. The lemure closely misses you.
You furiously retaliate!
You headbutt the lemure. You block Pikel's attack.
Eustachio hits you with a +0 falchion.
* * * LOW HITPOINT WARNING * * *
You block the lemure's attack. You block the bat's attack.
There is a stone staircase leading up here.
The bat closely misses you. The lemure barely misses you.
Pikel hits you with a +0 whip of freezing!
You die...

...####...5..#........##....
.....#.....#............###.
...........#............#
.........K##.#..........#
....#........#.........##
.##.......#.............###
....###....#.#............#
.....#.....####..K.........
............##..@5r)....##
...####.........@§b........
....# #.........).r.......#
...###.................#...
.......................#..#
.#.#....................# #
#..#................#.###
............###....#.#
..........#.. #......#


You could see Eustachio, Pikel, a lemure, a river rat (summoned), a bat
(summoned) and a rat (summoned).

Vanquished Creatures
  3 lemures (D:4)
  An orc priest (D:4)
  Jessica (D:2)
  Natasha (thrice) (D:2)
  Terence (D:2)
  Robin (D:3)
  4 adders
  A worm (D:4)
  4 dart slugs
  3 orcs (D:4)
  10 endoplasms
  A giant cockroach (D:2)
  12 goblins
  6 hobgoblins
  2 kobolds
  5 quokkas
  4 ball pythons
  7 bats
  5 frilled lizards
  4 rats
78 creatures vanquished.

Vanquished Creatures (others)
  An endoplasm (D:2)
1 creature vanquished.

Grand Total: 79 creatures vanquished

Notes
Turn   | Place    | Note
-------+----------+-------------------------------------------
     0 | D:1      | Asher535 the Minotaur Fighter began the quest for the Orb.
     0 | D:1      | Reached XP level 1. HP: 19/19 MP: 0/0
   160 | D:1      | Reached XP level 2. HP: 27/27 MP: 1/1
   754 | D:2      | Reached XP level 3. HP: 30/33 MP: 2/2
   939 | D:2      | Found Ninyin's Antique Weapon Emporium.
  1227 | D:2      | Noticed Terence
  1237 | D:2      | Killed Terence
  1238 | D:2      | Reached skill level 1 in Throwing
  1238 | D:2      | Reached XP level 4. HP: 17/41 MP: 3/3
  1534 | D:2      | Noticed Jessica
  1542 | D:2      | Killed Jessica
  1585 | D:2      | Noticed Natasha
  1590 | D:2      | Killed Natasha
  1591 | D:2      | Reached XP level 5. HP: 43/47 MP: 4/4
  1729 | D:2      | Noticed Natasha
  1737 | D:2      | Killed Natasha
  1911 | D:2      | Noticed Natasha
  1923 | D:2      | Killed Natasha
  2285 | D:3      | Found a glowing golden altar of the Shining One.
  2336 | D:3      | Noticed Robin
  2346 | D:3      | Killed Robin
  2577 | D:3      | Found a white marble altar of Elyvilon.
  2577 | D:3      | Found a glowing silver altar of Zin.
  2722 | D:3      | Found a blossoming altar of Fedhas.
  2982 | D:4      | Reached skill level 5 in Fighting
  2990 | D:4      | Reached XP level 6. HP: 30/56 MP: 5/5
  3029 | D:4      | Reached skill level 5 in Armour
  3232 | D:4      | Noticed Eustachio
  3243 | D:4      | Noticed Pikel
  3475 | D:4      | Slain by Pikel

Illustrated notes

Levels and vault maps discovered:
D:1:      dpeg_arrival_water_temple_mockup, layout_loops_ring, minivault_11
D:2:      layout_basic, serial_shops, nicolae_shop_trees, lemuel_old_faithful,
          uniq_terence, uniq_natasha, uniq_jessica
D:3:      layout_basic, dreamdust_divine_triumvirate,
          mainiacjoe_overflow_six_doors_small, uniq_robin
D:4:      layout_cave_pools, uniq_eustachio, uniq_pikel

Skill      XL: |  1  2  3  4  5  6 |
---------------+-------------------+-----
Fighting       | 4 5 |  5.0
Armour         | 4 5 |  5.0
Shields        | 4 |  4.9
Axes           | 3 4 |  4.0
Throwing       | 1 2 |  2.1

Action                   |  1- 3 |  4- 6 || total
-------------------------+-------+-------++-------
Melee: War axe           |    67 |    95 ||   162
       Headbutt          |    11 |    17 ||    28
  Use: Scroll            |       |     1 ||     1
Armor: Scale mail        |    29 |    69 ||    98
Dodge: Dodged            |    25 |    63 ||    88
Block: Buckler           |    16 |    40 ||    56

Table legend: (Time is in decaauts)
 A = Elapsed time spent in this place.
 B = Non-inter-level travel time spent in this place.
 C = Inter-level travel time spent in this place.
 D = Time resting spent in this place.
 E = Time spent auto-exploring this place.
 F = Levels seen in this place.
 G = Mean time per level.
                   A        B        C        D        E       F      G
               +--------+--------+--------+--------+--------+-----+--------+
         Total |   3563 |   3558 |      5 |    524 |   2431 |   4 |  890.8 |
       Dungeon |   3563 |   3558 |      5 |    524 |   2431 |   4 |  890.8 |
               +--------+--------+--------+--------+--------+-----+--------+

Top non-repeatable levels by time:
     D:2: 1471 daAuts
     D:3: 1004 daAuts
     D:1: 759 daAuts
     D:4: 327 daAuts
